 Dungeon Crawl Stone Soup version 0.23.2-33-g5129a83184 (webtiles) character file.

Game seed: 12619509932528288480

996 senseless the Charlatan (level 8, -3/51 HPs)
             Began as a Halfling Artificer on July 5, 2019.
             Was a Believer of Dithmenos.
             Slain by Pikel
             ... wielding a +1 whip of flaming
              (5 damage)
             ... on level 5 of the Dungeon on July 19, 2019.
             The game lasted 00:33:21 (5819 turns).

senseless the Charlatan (Halfling Artificer)        Turns: 5819, Time: 00:33:21

Health: -3/51      AC:  5    Str: 13    XL:     8   Next: 42%
Magic:  11/11      EV: 16    Int: 11    God:    Dithmenos [**....]
Gold:   263        SH:  0    Dex: 15    Spells: 7/7 levels left

rFire    + . .     SeeInvis .   A - +2 dagger (venom)
rCold    x . .     Gourm    .   (shield restricted)
rNeg     . . .     Faith    +   b - +0 leather armour
rPois    .         Spirit   .   (no helmet)
rElec    .         Reflect  .   g - +1 cloak
rCorr    .         Harm     .   (no gloves)
MR       .....                  (no boots)
Stlth    +++.......             i - amulet of faith
HPRegen  0.17/turn              B - ring of fire
MPRegen  0.12/turn              (no ring)

@: about to teleport, wreathed by umbra
A: small, mutation resistance 1
a: Shadow Step, Renounce Religion


You were on level 5 of the Dungeon.
You worshipped Dithmenos.
Dithmenos was pleased with you.
You were not hungry.

You visited 2 branches of the dungeon, and saw 6 of its levels.
You also visited: Ossuary.

You collected 263 gold pieces.

Inventory:

Hand Weapons
 a - a +0 short sword
 k - a +3 mace of draining
 p - a +1 spear of distortion
 A - a +2 dagger of venom (weapon)
 D - a +3 flail
Armour
 b - a +0 leather armour (worn)
 g - a +1 cloak (worn)
Magical Staves
 x - an uncursed staff of wizardry
Jewellery
 i - an amulet of faith (around neck)
 B - a ring of fire (left hand)
Wands
 c - a wand of flame (5)
 d - a wand of enslavement (11)
Scrolls
 e - a scroll of magic mapping
 m - a scroll of remove curse
 q - 2 scrolls of blinking
 y - a scroll of teleportation
 C - a scroll of random uselessness {unknown}
Potions
 h - 2 potions of mutation
 j - 2 potions of heal wounds
 l - 2 potions of lignification
 n - a potion of agility {unknown}
 o - 2 potions of resistance
 r - 2 potions of brilliance {unknown}
 s - a potion of haste {unknown}
 t - 2 potions of curing
 v - a potion of flight {unknown}
 w - a potion of degeneration {unknown}
 z - 2 potions of might {unknown}
Comestibles
 f - 8 rations
 u - a chunk of flesh


   Skills:
 + Level 2.8 Fighting
 + Level 2.3 Short Blades
 - Level 4.8 Maces & Flails
 - Level 2.6 Armour
 + Level 4.1 Dodging
 + Level 3.3 Stealth
 + Level 4.9 Evocations


You had 7 spell levels left.
You didn't know any spells.
Your spell library was empty.

Dungeon Overview and Level Annotations

Branches:
Dungeon (5/15)             Temple (1/1) D:4

Altars:
Ashenzari
Cheibriados
Dithmenos
Elyvilon
Fedhas
Gozag
Hepliaklqana
Kikubaaqudgha
Makhleb
Nemelex Xobeh
Okawaru
Qazlal
Ru
Sif Muna
Trog
Vehumet
Wu Jian
Xom
Yredelemnul
Zin
The Shining One

Annotations:
D:5 Blork the orc, Pikel


Innate Abilities, Weirdness & Mutations

You are small and have problems with some larger weapons.
You are somewhat resistant to further mutation.


Message History

Pikel completely misses you. The slave misses you.
You hit the slave.
The slave is poisoned.
The slave is lightly wounded.
You feel less confused. Pikel hits you but does no damage. The slave hits you.
You barely miss Pikel.
Pikel is heavily wounded.
The slave misses you. Pikel hits you but does no damage.
The slave closely misses you.
You hit Pikel.
Pikel looks as sick as possible!
Pikel is severely wounded.
The slave misses you. The slave hits you.
* * * LOW HITPOINT WARNING * * *
Pikel hits you with a +1 whip of flaming.
* * * LOW HITPOINT WARNING * * *
As you read the scroll of teleportation, it crumbles to dust.
You feel strangely unstable. The slave hits you.
* * * LOW HITPOINT WARNING * * *
Pikel hits you with a +1 whip of flaming.
You die...

##.....#####........#
##.....# #........######+
##.....# #...............
##.....###########.........
.).....##.....#............
###....# #.#....#######+
..')...# #.#....# ###....#
##.#p...#######. #....#
#..'K@..'....... #....#
####p...############ #....#
#<###............# #....#
#.# #.##########.### #....#
#.# #.# ...........
###....##. #.# #.#
#######.### ..........# #.#
#.# #.# ########### #.# #.#
## #.# # #.# #.# #...# #.#


You could see Pikel and 2 slaves.

Vanquished Creatures
  Sigmund (D:3)
  2 slaves
  A bullfrog (D:5)
  3 water moccasin zombies (Ossuary)
  2 scorpions (D:4)
  An orc priest (D:4)
  A bullfrog zombie (D:3)
  A hound (D:5)
  An orc wizard (D:5)
  2 iguanas
  2 worker ants
  3 big kobold zombies (Ossuary)
  2 mummies (Ossuary)
  5 adders
  An ooze (D:3)
  An adder skeleton (D:4)
  4 adder zombies (Ossuary)
  6 worms
  A dart slug (D:1)
  3 leopard geckos
  10 orcs
  9 bats
  7 giant cockroaches
  7 goblins
  9 hobgoblins
  2 jackals (D:1)
  2 quokkas (D:4)
  2 frilled lizards (D:2)
  3 gnoll zombies (Ossuary)
  6 hobgoblin zombies (Ossuary)
  6 kobolds
  5 kobold zombies (Ossuary)
  4 orc zombies (Ossuary)
  7 rats
122 creatures vanquished.

Vanquished Creatures (collateral kills)
  An orc priest (D:5)
  3 orcs (D:5)
4 creatures vanquished.

Vanquished Creatures (others)
  An orc wizard (D:5)
  2 kobold zombies (Ossuary)
3 creatures vanquished.

Grand Total: 129 creatures vanquished

Notes
Turn   | Place    | Note
-------+----------+-------------------------------------------
     0 | D:1      | senseless the Halfling Artificer began the quest for the
                  | Orb.
     0 | D:1      | Reached XP level 1. HP: 12/12 MP: 3/3
    45 | D:1      | Reached skill level 1 in Fighting
   172 | D:1      | Reached XP level 2. HP: 18/18 MP: 4/4
   418 | D:1      | Reached XP level 3. HP: 23/23 MP: 5/5
  1130 | D:2      | Reached XP level 4. HP: 8/28 MP: 6/6
  1545 | D:2      | Reached skill level 1 in Armour
  1972 | D:3      | Noticed Sigmund
  1984 | D:3      | Killed Sigmund
  1984 | D:3      | Reached skill level 1 in Maces & Flails
  1984 | D:3      | Reached XP level 5. HP: 5/34 MP: 6/8
  1984 | D:3      | Reached XP level 6. HP: 5/39 MP: 6/9
  3155 | D:4      | Found a staircase to the Ecumenical Temple.
  3170 | Temple   | Entered the Ecumenical Temple
  3330 | Temple   | Became a worshipper of Dithmenos the Shadowed
  3396 | D:4      | Reached XP level 7. HP: 45/45 MP: 10/10
  3952 | D:5      | Entered Level 5 of the Dungeon
  4019 | D:5      | Found a sand-covered staircase.
  4024 | Ossuary  | Entered an ossuary
  4031 | Ossuary  | Reached * piety under Dithmenos
  4232 | Ossuary  | Reached XP level 8. HP: 31/51 MP: 11/11
  4522 | Ossuary  | Reached ** piety under Dithmenos
  5321 | D:5      | Noticed Blork the orc
  5796 | D:5      | Noticed Pikel
  5819 | D:5      | HP: 2/51 [slave[Pikel] (4)]
  5819 | D:5      | Slain by Pikel

Skill      XL: |  1  2  3  4  5  6  7  8 |
---------------+-------------------------+-----
Fighting       | 1 2 |  2.8
Short Blades   | 2 |  2.3
Stealth        | 2 3 |  3.3
Armour         | 2 |  2.6
Maces & Flails | 1 2 3 4 |  4.8
Dodging        | 3 4 |  4.1
Evocations     | 4 |  4.9

Action                   |  1- 3 |  4- 6 |  7- 9 || total
-------------------------+-------+-------+-------++-------
Melee: Short sword       |   133 |    45 |       ||   178
       Mace              |       |    75 |   212 ||   287
       Dagger            |       |       |    48 ||    48
Evoke: Wand              |    11 |     8 |    10 ||    29
  Use: Scroll            |     4 |     4 |    10 ||    18
 Stab: Sleeping          |     6 |     4 |     6 ||    16
       Paralysed         |     2 |       |       ||     2
  Eat: Chunk             |     1 |     7 |     5 ||    13
       Ration            |       |       |     1 ||     1
Armor: Leather armour    |    28 |    26 |    39 ||    93
Dodge: Dodged            |   110 |    79 |   182 ||   371
